 Dungeon Crawl Stone Soup version 0.30.1-4-g462c640d31 (webtiles) character file.

Game seed: 17929675117615644791

1989 booth the Chopper (level 9, -6/81 HPs)
             Began as a Demonspawn Reaver on Aug 28, 2023.
             Was a Plaything of Xom.
             Killed from afar by a gargoyle (9 damage)
             ... with a stone arrow
             ... on level 7 of the Dungeon.
             The game lasted 00:41:12 (5949 turns).

booth the Chopper (Demonspawn Reaver)               Turns: 5949, Time: 00:41:13

Health: -6/81      AC: 11    Str: 17    XL:     9   Next: 1%
Magic:  0/15       EV: 12    Int: 14    God:    Xom [..*...]
Gold:   166        SH:  4    Dex: 12    Spells: 8/16 levels left

rFire   + . .        a - +0 hand axe
rCold   . . .        (no shield)
rNeg    . . .        b - +2 leather armour
rPois   .            (helmet restricted)
rElec   .            (no cloak)
rCorr   .            d - +2 pair of gloves
SInv    .            x - +1 pair of boots
Will    .....        (no amulet)
Stlth   +            n - +4 ring of slaying
HPRegen 0.33/turn    F - ring of protection from fire
MPRegen 0.28/turn

%: guardian spirit
@: flying
A: rugged brown scales 1, magic shield, magic regeneration, condensation shield,
weakness stinger 1, antennae 1, talons 1, mutation resistance 1, robust 2, wild
magic 1, MP-powered wands
a: Renounce Religion


You were on level 7 of the Dungeon.
You worshipped Xom.
You were a toy of Xom.
You visited 2 branches of the dungeon, and saw 8 of its levels.

You collected 416 gold pieces.
You spent 250 gold pieces at shops.

Inventory:

Hand Weapons
 a - a +0 hand axe (weapon)
 e - a +0 mace
 w - a +0 war axe
 A - a +0 flail
Missiles
 h - 5 datura-tipped darts
 j - 3 throwing nets
 o - 6 poisoned darts (quivered)
 q - 9 atropa-tipped darts
Armour
 b - a +2 leather armour (worn)
 d - a +2 pair of gloves (worn)
 s - a +0 ring mail
 x - a +1 pair of boots (worn)
 y - a +0 buckler
Jewellery
 k - an amulet of faith
 n - a +4 ring of slaying (left hand)
 p - a ring of resist corrosion
 F - a ring of protection from fire (right hand)
Wands
 r - a wand of iceblast (11)
 D - a wand of flame (42)
 G - a wand of quicksilver (9)
Scrolls
 i - a scroll of fear
 l - 2 scrolls of magic mapping
 m - a scroll of amnesia
 t - 3 scrolls of vulnerability
 z - 3 scrolls of immolation
 B - 3 scrolls of teleportation
 H - a scroll of identify
Potions
 c - a potion of berserk rage
 u - a potion of attraction
 v - a potion of ambrosia
 C - 2 potions of flight
 E - a potion of haste


   Skills:
 + Level 4.7 Fighting
 * Level 5.6(6.0) Axes
 + Level 2.9(4.6) Maces & Flails
 + Level 2.7 Throwing
 + Level 4.1 Dodging
 + Level 4.2 Spellcasting
 + Level 5.1 Conjurations
 + Level 3.7 Necromancy


You had 8 spell levels left.
You knew the following spells:

 Your Spells              Type           Power      Damage    Failure   Level
a - Kiss of Death         Conj/Necr      76%        2d11      6%          1
b - Momentum Strike       Conj/Tloc      26%        3d8       17%         2
c - Hailstorm             Conj/Ice       13%        3d5       32%         3
d - Cigotuvi's Dreadful   Necr/Pois/Air  16%        N/A       30%         2

Your spell library contained the following spells:

 Spells                   Type           Power      Damage    Failure   Level
 Dispel Undead            Necr           17%        3d10      54%         4
 Death Channel            Necr           8%         N/A       100%        6
 Chain Lightning          Conj/Air       6%         3d8       100%        9
 Fire Storm               Conj/Fire      6%         8d2       100%        9
 Shatter                  Erth           1%         3d6*      100%        9


Dungeon Overview and Level Annotations

Branches:
Dungeon (7/15)             Temple (1/1) D:5

Altars:
Ashenzari
Cheibriados
Dithmenos
Fedhas
Gozag
Hepliaklqana
Kikubaaqudgha
Okawaru
Ru
Sif Muna
Trog
Uskayaw
Vehumet
Wu Jian
Xom
Yredelemnul

Shops:
D:6 =


Innate Abilities, Weirdness & Mutations

You are partially covered in rugged brown scales. (AC +1, +3% HP)
When hurt, damage is shared between your health and your magic reserves.
You regenerate magic rapidly.
A meltable shield of frost defends you. (SH +4)
You have a small tail.
You have a pair of small antennae on your head.
You have sharp toenails.
You are somewhat resistant to further mutation.
You are very robust. (+20% HP)
Your spells are a little harder to cast, but a little more powerful.
You expend magic power (3 MP) to strengthen your wands.


Message History

The ice beast hits you but does no damage.
You hit the gargoyle but do no damage.
The gargoyle is moderately damaged.
You hit the shadow. You slash the ice beast!
The shadow slips into darkness.
The shadow flickers and vanishes!
Deactivating autopickup; reactivate with Ctrl-A.
The gargoyle hurls a stone arrow at you.
The stone arrow misses you. The ice beast hits you. The ice beast freezes you!
* * * LOW HITPOINT WARNING * * *
The centaur shoots an arrow.
You barely miss the gargoyle.
The gargoyle is moderately damaged.
You hit something but do no damage. You hit the ice beast but do no damage.
You are no longer robbed of momentum.
The shadow strikes at you from the darkness!
* * * LOW HITPOINT WARNING * * *
Reactivating autopickup.
The gargoyle barely misses you. The ice beast hits you.
* * * LOW HITPOINT WARNING * * *
The ice beast freezes you.
* * * LOW HITPOINT WARNING * * *
Okay, then.
As you read the scroll of fear, it crumbles to dust.
You assume a fearsome visage.
The centaur looks frightened!
The jelly looks frightened!
The gargoyle is unaffected.
The ice beast looks frightened!
The shadow is unaffected.
The shadow slips into darkness.
The shadow flickers and vanishes!
Deactivating autopickup; reactivate with Ctrl-A.
The gargoyle closely misses you.
It was a potion of flight.
You feel very buoyant.
You fly up into the air.
The shadow strikes at you from the darkness!
Reactivating autopickup.
The gargoyle hurls a stone arrow at you.
The stone arrow hits you!
You die...
Xom thinks this is hilarious!

#. #.#.##........###.## .
.#.# #.......##..# . #..#
#....#......o .
#.#.c###..#..#.......
#..##.##..##..#..##...>..
#....#.#......##.#....#..
#.....#...Y..$........$..
#.##..#W.#.......#......
#..#J.9@#####....#......
##....### .#....=...
#.....## ## .........
#......# .#. .........
##.....# ... .........
####.###..### .........
#.)((.##..#.# ##.......
#....#.......# ##.......
#..####.......##.........


You could see a gargoyle, an ice beast (fleeing), a shadow, a centaur (fleeing)
and a jelly (fleeing).

Vanquished Creatures
  A troll (D:7)
  An orc warrior (D:7)
  An ice beast (D:6)
  3 black bears
  2 ogres
  3 centaurs
  2 phantoms (D:5)
  2 bullfrogs (D:6)
  A scorpion (D:7)
  6 killer bees (D:7)
  A jelly (D:5)
  2 hounds (D:4)
  An orc priest (D:7)
  An iguana (D:6)
  3 gnolls (D:2)
  5 adders
  An ufetubus (D:5)
  3 worms
  3 dart slugs
  2 orcs
  7 ball pythons
  A bat (D:2)
  7 endoplasms
  5 giant cockroaches
  10 goblins
  5 hobgoblins
  3 jackals (D:1)
  6 quokkas
  2 frilled lizards
  7 kobolds
  6 rats
103 creatures vanquished.

Vanquished Creatures (collateral kills)
  A sleepcap (D:5)
1 creature vanquished.

Grand Total: 104 creatures vanquished

Notes
Turn   | Place    | Note
-------+----------+-------------------------------------------
     0 | D:1      | booth the Demonspawn Reaver began the quest for the Orb.
     0 | D:1      | Reached XP level 1. HP: 16/16 MP: 3/3
   202 | D:1      | Gained mutation: You regenerate magic rapidly. [demonic
                  | ancestry]
   202 | D:1      | Reached XP level 2. HP: 21/22 MP: 5/5
   706 | D:1      | Learned a level 2 spell: Momentum Strike
   841 | D:2      | Identified the +7 mace of Imbalance {holy, rC+ rN++ Int-4
                  | SInv}
   900 | D:2      | Gained mutation: When hurt, damage is shared between your
                  | health and your magic reserves. [demonic ancestry]
   900 | D:2      | Reached XP level 3. HP: 28/28 MP: 6/6
  1206 | D:2      | Gained mutation: A meltable shield of frost defends you.
                  | (SH +4) [demonic ancestry]
  1206 | D:2      | Reached XP level 4. HP: 29/29 MP: 7/7
  1218 | D:2      | Found a faded altar of an unknown god.
  1222 | D:2      | Prayed at the altar of an unknown god.
  1222 | D:2      | Became a worshipper of Xom of Chaos
  1433 | D:2      | XOM: cloud trail
  1579 | D:2      | XOM: scenery: create altars
  1843 | D:3      | Learned a level 3 spell: Hailstorm
  2377 | D:4      | XOM: cast spell 'Leda's Liquefaction'
  2480 | D:4      | Gained mutation: You are partially covered in rugged brown
                  | scales. (AC +1, +3% HP) [demonic ancestry]
  2480 | D:4      | Reached XP level 5. HP: 34/41 MP: 9/9
  2563 | D:4      | Reached skill level 1 in Necromancy
  2676 | D:4      | XOM: 3-stop teleportation journey
  2824 | D:4      | XOM: god gift: 3 atropa-tipped darts
  2827 | D:4      | XOM: silly message
  2945 | D:5      | Entered Level 5 of the Dungeon
  2945 | D:5      | Found a shimmering altar of Xom.
  2970 | D:5      | Noticed a +0 spear
  2970 | D:5      | Noticed a +0 dagger
  2970 | D:5      | Noticed a +0 short sword
  2970 | D:5      | Noticed a +0 falchion
  2970 | D:5      | Found a staircase to the Ecumenical Temple.
  2970 | D:5      | Noticed a black bear
  2970 | D:5      | Noticed a phantom
  2970 | D:5      | XOM: 7-stop teleportation journey
  3084 | D:5      | XOM: confuse monster(s)
  3089 | D:5      | Killed a black bear
  3090 | D:5      | Gained mutation: You have a small tail. [demonic ancestry]
  3090 | D:5      | Reached XP level 6. HP: 42/48 MP: 8/10
  3247 | D:5      | Learned a level 2 spell: Cigotuvi's Dreadful Rot
  3339 | Temple   | Entered the Ecumenical Temple
  3378 | Temple   | XOM: give mutations
  3378 | Temple   | Gained mutation: You have a pair of small antennae on your
                  | head. [Xom's grace]
  3378 | Temple   | Gained mutation: Your mind is acute. (Int +4, Str/Dex -1)
                  | [Xom's grace]
  3378 | Temple   | Gained mutation: You are somewhat resistant to further
                  | mutation. [Xom's grace]
  3378 | Temple   | Gained mutation: You have sharp toenails. [Xom's grace]
  3638 | D:5      | Found a basalt altar of Yredelemnul.
  3654 | D:5      | Found a radiant altar of Vehumet.
  3800 | D:5      | Found a bloodstained altar of Trog.
  3875 | D:5      | XOM: cloud trail
  3917 | D:5      | XOM: scenery: create altars
  3934 | D:5      | Reached skill level 1 in Maces & Flails
  3938 | D:5      | XOM: summons friendly hellwing
  3983 | D:5      | XOM: cloud trail
  4062 | D:5      | Noticed a +0 short sword
  4065 | D:5      | Noticed a +0 dagger
  4065 | D:5      | Noticed a +0 falchion
  4065 | D:5      | Noticed a +0 spear
  4067 | D:5      | Found a hide-covered altar of Uskayaw.
  4075 | D:5      | XOM: divination: detect items
  4149 | D:5      | XOM: cast spell 'Cause Fear'
  4159 | D:5      | Reached XP level 7. HP: 49/53 MP: 11/11
  4234 | D:5      | Reached skill level 1 in Throwing
  4406 | D:5      | XOM: give mutations
  4406 | D:5      | Gained mutation: You are robust. (+10% HP) [Xom's grace]
  4406 | D:5      | Gained mutation: You expend magic power (3 MP) to
                  | strengthen your wands. [Xom's grace]
  4406 | D:5      | Gained mutation: You have supernaturally acute eyesight.
                  | (SInv) [Xom's grace]
  4406 | D:5      | Gained mutation: Your spells are a little harder to cast,
                  | but a little more powerful. [Xom's grace]
  4688 | D:6      | XOM: cloud trail
  4777 | D:6      | Found Puurajav's Jewellery Boutique.
  4780 | D:6      | Bought a ring of protection from fire for 250 gold pieces
  4834 | D:6      | XOM: divination: detect items
  4837 | D:6      | Found an iron altar of Okawaru.
  4851 | D:6      | XOM: blink monster(s)
  5156 | D:6      | XOM: enchant monster (bad)
  5161 | D:6      | XOM: potion effect (berserk rage)
  5176 | D:6      | XOM: smoke on damage
  5178 | D:6      | Reached XP level 8. HP: 57/67 MP: 11/13
  5246 | D:6      | Lost mutation: You have supernaturally acute eyesight.
                  | (SInv) [potion of mutation]
  5246 | D:6      | Lost mutation: Your mind is acute. (Int +4, Str/Dex -1)
                  | [potion of mutation]
  5246 | D:6      | Gained mutation: You are very robust. (+20% HP) [potion of
                  | mutation]
  5303 | D:7      | XOM: potion effect (brilliance)
  5309 | D:7      | XOM: silly message
  5343 | D:7      | Reached skill level 5 in Axes
  5665 | D:7      | XOM: silly message
  5733 | D:7      | XOM: 8-stop teleportation journey
  5813 | D:7      | XOM: 7-stop teleportation journey
  5826 | D:7      | Reached skill level 5 in Conjurations
  5929 | D:7      | Noticed a troll
  5929 | D:7      | XOM: 1-stop teleportation journey
  5930 | D:7      | XOM: divination: detect items
  5932 | D:7      | Noticed a gargoyle
  5937 | D:7      | Killed a troll
  5938 | D:7      | Reached XP level 9. HP: 60/81 MP: 11/15
  5947 | D:7      | HP: 3/81 [ice beast (5)]
  5949 | D:7      | Killed from afar by a gargoyle

Illustrated notes

Levels and vault maps discovered:
D:1:      shiori_shiawase, layout_rooms
D:2:      layout_loops_ring, basic_altar, nicolae_ecumenical_lake_church
D:3:      layout_rooms, chequers_serial_rivers_micro_c
D:4:      layout_basic, grunt_ministairs_10
D:5:      layout_basic, nicolae_uskayaw_en_pointe, mainiacjoe_overflow_swirl,
          amcnicky_altar_gilded, trog_hazing_becter,
          minmay_temple_entry_large_hall
D:6:      layout_loops_ring, mainiacjoe_overflow_boulevard, serial_shops,
          kennysheep_mini_moat, minivault_25, minivault_25
D:7:      layout_cave_pools, enter_bailey_7, minmay_manual_mess
Temple:   chequers_temple_sunken

Skill      XL: |  1  2  3  4  5  6  7  8 |
---------------+-------------------------+-----
Dodging        | 2 3 4 |  4.1
Axes           | 3 4 5 |  5.6
Fighting       | 3 4 |  4.7
Necromancy     | 1 2 3 |  3.7
Spellcasting   | 3 4 |  4.2
Conjurations   | 4 5 |  5.1
Maces & Flails | 1 2 |  2.9
Throwing       | 1 2 |  2.7

Action                     |  1- 3 |  4- 6 |  7- 9 || total
---------------------------+-------+-------+-------++-------
  Melee: Hand axe          |   103 |   142 |   121 ||   366
         Punch             |       |     1 |       ||     1
         Tailslap          |       |     9 |    14 ||    23
  Throw: Dart              |       |     8 |     6 ||    14
         Throwing net      |       |     1 |       ||     1
   Cast: Kiss of Death     |     3 |       |     3 ||     6
         Momentum Strike   |       |       |     1 ||     1
  Evoke: Wand              |       |       |     1 ||     1
    Use: Scroll            |     5 |     5 |     6 ||    16
         Potion            |     1 |     2 |     9 ||    12
 Armour: Leather armour    |    36 |    47 |   118 ||   201
  Dodge: Dodged            |    60 |   100 |   154 ||   314
  Block: Other             |       |    17 |    42 ||    59
